 Dungeon Crawl Stone Soup version 0.29.1-15-g9cfb28693d (webtiles) character file.

Game seed: 18277649939101644819

106 MacCMillion the Ruffian (level 4, -2/45 HPs)
             Began as a Troll Fighter on Feb 22, 2023.
             Slain by a gnoll
             ... wielding a +0 flail
              (10 damage)
             ... on level 3 of the Dungeon.
             The game lasted 00:02:06 (2213 turns).

MacCMillion the Ruffian (Troll Fighter)             Turns: 2213, Time: 00:02:06

Health: -2/45      AC:  4    Str: 24    XL:     4   Next: 55%
Magic:  3/3        EV:  8    Int:  6    God:
Gold:   108        SH:  7    Dex:  9    Spells: 3/3 levels left

rFire   . . .      SeeInvis .     - Unarmed
rCold   . . .      Faith    .   b - +0 kite shield
rNeg    . . .      Spirit   .   a - +0 robe
rPois   .          Reflect  .   (helmet restricted)
rElec   .          Harm     .   (no cloak)
rCorr   .          Rampage  .   (gloves unavailable)
Will    .....                   (boots unavailable)
Stlth   +.........              (no amulet)
HPRegen 0.95/turn               (no ring)
MPRegen 0.08/turn               (no ring)

@: no status effects
A: large, unfitting armour, claws 3, regeneration 1, shaggy fur 1, tough skin 1
a: no special abilities


You were on level 3 of the Dungeon.
You visited 1 branch of the dungeon, and saw 3 of its levels.

You collected 108 gold pieces.

Inventory:

Armour
 a - a +0 robe (worn)
 b - a +0 kite shield (worn)
Scrolls
 e - 6 scrolls of identify {unknown}
 f - a scroll of vulnerability {unknown}
 h - a scroll of summoning {unknown}
 i - a scroll of fear {unknown}
 k - a scroll of amnesia {unknown}
 l - 2 scrolls of teleportation {unknown}
 m - a scroll of noise {unknown}
 p - a scroll of fog {unknown}
 r - a scroll of acquirement {unknown}
Potions
 c - a potion of might
 d - a potion of heal wounds {unknown}
 g - 2 potions of attraction {unknown}
 j - a potion of brilliance {unknown}
 n - a potion of haste {unknown}
 o - a potion of flight {unknown}
 q - a potion of degeneration {unknown}


   Skills:
 + Level 3.0 Fighting
 - Level 2.4 Dodging
 + Level 3.4 Shields
 * Level 3.6 Unarmed Combat


You had 3 spell levels left.
You didn't know any spells.
Your spell library was empty.

Dungeon Overview and Level Annotations

Branches:
Dungeon (3/15)

Altars:
Nemelex Xobeh

Annotations:
D:2 1 runed translucent door, Crazy Yiuf


Innate Abilities, Weirdness & Mutations

You are too large for most types of armour.
You have claws for hands.
Your natural rate of healing is unusually fast.
You are covered in fur. (AC +1)
You have tough skin. (AC +1)


Message History

The gnoll hits you with a +0 club. The gnoll hits you with a +0 flail.
The gnoll hits you with a +0 flail!
You scratch the gnoll but do no damage.
The gnoll is moderately wounded.
The gnoll hits you with a +0 club. The gnoll barely misses you.
The gnoll hits you but does no damage.
You are too injured to fight recklessly!
The gnoll attacks as you move away! The gnoll barely misses you.
The gnoll attacks as you move away! The gnoll hits you with a +0 flail.
The gnoll attacks as you move away! The gnoll hits you with a +0 club!
* * * LOW HITPOINT WARNING * * *
You are too injured to fight recklessly!
You are too injured to fight recklessly!
You are too injured to fight recklessly!
You claw the gnoll!
You kill the gnoll!
You scratch the gnoll.
The gnoll is moderately wounded.
You block the gnoll's attack.
You scratch the gnoll but do no damage.
The gnoll is moderately wounded.
The gnoll barely misses you.
You scratch the gnoll.
The gnoll is severely wounded.
You block the gnoll's attack.
You claw the gnoll!
You kill the gnoll!
You barely miss the gnoll. You block the gnoll's attack.
You claw the gnoll!
The gnoll is severely wounded.
The gnoll hits you with a +0 flail!
* * * LOW HITPOINT WARNING * * *
You scratch the gnoll but do no damage.
The gnoll is severely wounded.
The gnoll hits you with a +0 flail.
* * * LOW HITPOINT WARNING * * *
You scratch the gnoll but do no damage.
The gnoll is severely wounded.
The gnoll hits you with a +0 flail!
You die...

#.≈.# .#.≈.#.......8...
#.≈.# ..≈...........#.
#.≈.#####.≈.........÷###
#.≈.......≈...........#.
#.≈≈≈.≈≈≈≈≈.##+#....8...
#......†....##+##.#.....
##.######.........##....
#.######.......####....
#....g@........# #....
####.##........# #....
#...########## ##...
#!....# ####' #...?...#
#.... #..._.).# #.###
#.......# #....
##.....#### ##...
##...##..# #...


You could see a gnoll.

Vanquished Creatures
  2 gnolls (D:3)
  4 adders
  3 endoplasms (D:1)
  2 giant cockroaches (D:1)
  6 goblins
  5 hobgoblins
  2 jackals (D:1)
  6 quokkas
  4 ball pythons
  3 bats
  8 frilled lizards
  3 kobolds (D:1)
  6 rats
54 creatures vanquished.

Notes
Turn   | Place    | Note
-------+----------+-------------------------------------------
     0 | D:1      | MacCMillion the Troll Fighter began the quest for the Orb.
     0 | D:1      | Reached XP level 1. HP: 22/22 MP: 0/0
    95 | D:1      | Found a faded altar of an unknown god.
   113 | D:1      | Reached XP level 2. HP: 29/29 MP: 1/1
   533 | D:1      | Reached XP level 3. HP: 36/36 MP: 2/2
   976 | D:2      | Found a runed translucent door.
   977 | D:2      | Noticed Crazy Yiuf
  1844 | D:3      | Reached XP level 4. HP: 44/44 MP: 3/3
  2196 | D:3      | Found a sparkling altar of Nemelex Xobeh.
  2213 | D:3      | Slain by a gnoll

Illustrated notes

Levels and vault maps discovered:
D:1:      matt_arrival_los_fun, layout_basic, hellmonk_ecumenical_altar_zigzags,
          hangedman_decor_lopped
D:2:      layout_loops_ring, kennysheep_generic_room_4, uniq_crazy_yiuf_cottage
D:3:      layout_basic, lemuel_round_altar, mainiacjoe_overflow_brackets,
          grunt_decor_junction, minmay_misc_feat_four_crosses

Skill      XL: |  1  2  3  4 |
---------------+-------------+-----
Shields        | 3 |  3.4
Unarmed Combat | 3 |  3.6
Fighting       | 3 |  3.0
Dodging        | |  2.4

Action                   |  1- 3 |  4- 6 || total
-------------------------+-------+-------++-------
Melee: Unarmed           |   118 |    20 ||   138
 Stab: Sleeping          |     1 |       ||     1
Armor: Robe              |    37 |     4 ||    41
Dodge: Dodged            |    32 |     6 ||    38
Block: Kite shield       |    34 |     5 ||    39
